 Dungeon Crawl Stone Soup version 0.31-a0-1616-gbeaec30b81 (webtiles) character file.

Game seed: 7002252830344648920

307 Inarius the Shield-Bearer (level 6, -2/43 HPs)
             Began as an Octopode Fighter on Jan 10, 2024.
             Slain by an orc wizard
             ... wielding a +0 dagger
              (3 damage)
             ... on level 4 of the Dungeon.
             The game lasted 00:03:05 (2657 turns).

Inarius the Shield-Bearer (Octopode Fighter)        Turns: 2657, Time: 00:03:06

Health: -2/43      AC:  1    Str: 17      XL:     6   Next: 40%
Magic:  6/6        EV: 12    Int:  7 (10) God:
Gold:   139        SH:  8    Dex: 10 (12) Spells: 5/5 levels left

rFire   . . .        a - +0 war axe
rCold   . . .        f - +0 kite shield
rNeg    . . .        (helmet restricted)
rPois   .            (no amulet)
rElec   .            (no ring)
rCorr   .            (no ring)
SInv    .            (no ring)
Will    +....        (no ring)
Stlth   +++          (no ring)
HPRegen 0.27/turn    (no ring)
MPRegen 0.10/turn    (no ring)
                     (no ring)

%: no passive effects
@: brilliant, enlightened, flying, invisible
A: almost no armour, amphibious, 8 rings, camouflage 1, gelatinous body 1,
(nimble swimmer 1), tentacles
a: no special abilities


You were on level 4 of the Dungeon.
You visited 1 branch of the dungeon, and saw 4 of its levels.

You collected 139 gold pieces.

Inventory:

Hand Weapons
 a - a +0 war axe (weapon)
Armour
 f - a +0 kite shield (worn)
Jewellery
 p - a +6 ring of dexterity
Talismans
 m - a maw talisman
Scrolls
 b - 5 scrolls of identify {unknown}
 d - 2 scrolls of blinking {unknown}
 h - a scroll of butterflies {unknown}
 l - a scroll of brand weapon {unknown}
 n - 3 scrolls of teleportation {unknown}
 o - a scroll of acquirement {unknown}
 q - a scroll of torment {unknown}
 s - 3 scrolls of fog {unknown}
 t - a scroll of immolation {unknown}
Potions
 j - a potion of degeneration
 k - a potion of ambrosia
 u - a potion of cancellation {unknown}


   Skills:
 + Level 3.7 Fighting
 + Level 4.2 Axes
 + Level 0.5 Throwing
 + Level 3.6 Dodging
 + Level 2.7 Stealth
 + Level 4.3 Shields


You had 5 spell levels left.
You didn't know any spells.
Your spell library contained the following spells:

 Spells                   Type           Power      Damage    Failure   Level
 Kiss of Death            Conj/Necr      0%         2d5       77%         1
 Lesser Beckoning         Tloc           0%         N/A       88%         2
 Confusing Touch          Hex            0%         N/A       98%         3
 Gell's Gravitas          Tloc           0%         N/A       98%         3
 Teleport Other           Tloc           0%         N/A       98%         3
 Dispel Undead            Necr           0%         3d6       100%        4


Dungeon Overview and Level Annotations

Branches:
Dungeon (4/15)
 Temple: D:4-7

Altars:
Ashenzari

Shops:
D:3 :


Innate Abilities, Weirdness & Mutations

You cannot wear most types of armour.
You are amphibious.
You can wear up to eight rings at the same time.
Your skin changes colour to match your surroundings (Stealth+).
Your rubbery body absorbs attacks. (AC +1, EV +1)
((You are camouflaged when in or above water. (Stealth+)))
You have tentacles for arms and can constrict up to eight enemies at once.


Message History

You squeeze the orc, but do no damage. You miss something. Something hits you.
The orc closely misses you.
You hear some strange, mumbled words.
A magic dart appears from out of thin air!
The magic dart hits you.
The orc wizard points at the orc and mumbles some strange words.
The orc appears confused.
You block the orc's attack.
You slash something!
Reactivating autopickup.
You feel a bit more experienced.
You hit the orc. The orc misses you.
You feel your strength returning.
Unknown command.
You catch the helpless orc completely off-guard!
You slash the orc!
You kill the orc!
You hit the orc but do no damage.
Unknown command.
You hit the orc.
You kill the orc!
The orc wizard gestures at something while chanting.
Unknown command.
The orc wizard casts a spell.
The orc wizard flickers and vanishes!
Deactivating autopickup; reactivate with Ctrl-A.
Found a potion of might.
You block something's attack.
You closely miss something.
A goblin comes into view. It is wielding a +1 dagger of venom.
Something hits you.
You miss something. Something hits you.
* * * LOW HITPOINT WARNING * * *
Something hits you.
* * * LOW HITPOINT WARNING * * *
You slash something! Something hits you.
* * * LOW HITPOINT WARNING * * *
You miss something.
You catch the helpless goblin completely off-guard!
You hit the goblin. Something hits you.
* * * LOW HITPOINT WARNING * * *
The goblin closely misses you. Something hits you.
You die...

###..........)#.#
#...............#..
..##.........#.......
#...................
##..####....##.#......
####.. #...#.##..##....
#.....####.###)##..#.#...
...........# #.##...#.##.
........##.###)@{....#
#..#..#..#.#....g....#.
......##...#.####.....#
..... ##.....h##......#
..... ##..##.h.......!.
.... .......###........
.... #######..##......##
##........#. ###. .#.


You could see a goblin (unable to see you).

Vanquished Creatures
  A scorpion (D:4)
  A howler monkey (D:4)
  A hound (D:4)
  An iguana (D:4)
  An orc wizard (D:4)
  5 adders
  A ribbon worm (D:2)
  2 orcs (D:4)
  10 endoplasms
  3 giant cockroaches (D:2)
  8 goblins
  4 hobgoblins
  5 jackals
  5 quokkas
  8 ball pythons
  5 bats
  4 frilled lizards
  8 kobolds
  9 rats
82 creatures vanquished.

Vanquished Creatures (others)
  An orc (D:4)
1 creature vanquished.

Grand Total: 83 creatures vanquished

Notes
Turn   | Place    | Note
-------+----------+-------------------------------------------
     0 | D:1      | Inarius the Octopode Fighter began the quest for the Orb.
     0 | D:1      | Reached XP level 1. HP: 16/16 MP: 1/1
   203 | D:1      | Reached XP level 2. HP: 16/21 MP: 2/2
   678 | D:2      | Reached XP level 3. HP: 24/26 MP: 3/3
  1008 | D:2      | Reached skill level 1 in Stealth
  1378 | D:2      | Reached XP level 4. HP: 31/31 MP: 4/4
  1920 | D:3      | Found a broken altar of Ashenzari.
  2002 | D:3      | Found a faded altar of an unknown god.
  2116 | D:3      | Found Ympauca's Book Boutique.
  2415 | D:4      | Reached XP level 5. HP: 31/36 MP: 5/5
  2441 | D:4      | HP: 1/37 [poisoned by a kobold]
  2629 | D:4      | Reached XP level 6. HP: 41/43 MP: 6/6
  2657 | D:4      | HP: 1/43 [something (4)]
  2657 | D:4      | Slain by an orc wizard

Illustrated notes

Levels and vault maps discovered:
D:1:      moated_graveyard_arrival, layout_basic, serial_glass, glass_columns_a,
          glass_columns_b, glass_columns_a, glass_columns_a, glass_columns_a,
          glass_columns_c, glass_columns_c, glass_columns_a
D:2:      layout_basic, minmay_heptomino_w4
D:3:      layout_loops_ring, marbit_many_paths,
          shapermc_ecumenical_altar_notcrosses, serial_shops, shop,
          chequers_serial_rivers_small_3, kennysheep_generic_room_7
D:4:      layout_rooms, mainiacjoe_overflow_alcove_1,
          minmay_misc_feat_secret_circle, serial_library_hellmonk_secret_room,
          lexackson_kobold_supper

Skill      XL: |  1  2  3  4  5  6 |
---------------+-------------------+-----
Stealth        | 1 2 |  2.7
Axes           | 3 4 |  4.2
Shields        | 4 |  4.3
Fighting       | |  3.7
Throwing       | |  0.5
Dodging        | |  3.6

Action                     |  1- 3 |  4- 6 || total
---------------------------+-------+-------++-------
  Melee: War axe           |    58 |    78 ||   136
         Constrict         |    13 |    18 ||    31
         Tentacles         |    10 |    16 ||    26
         Punch             |     1 |     1 ||     2
  Throw: Throwing net      |       |     1 ||     1
    Use: Potion            |       |     6 ||     6
   Stab: Sleeping          |     9 |     7 ||    16
         Held in net/web   |       |     1 ||     1
         Invisible         |       |     3 ||     3
 Armour: Skin              |    16 |    33 ||    49
  Dodge: Dodged            |    24 |    42 ||    66
  Block: Kite shield       |    23 |    30 ||    53
         Form:             |     1 |       ||     1
         Maw               |     1 |       ||     1

Table legend: (Time is in decaauts)
 A = Elapsed time spent in this place.
 B = Non-inter-level travel time spent in this place.
 C = Inter-level travel time spent in this place.
 D = Time resting spent in this place.
 E = Time spent auto-exploring this place.
 F = Levels seen in this place.
 G = Mean time per level.
                   A        B        C        D        E       F      G
               +--------+--------+--------+--------+--------+-----+--------+
         Total |   2726 |   2643 |     83 |    229 |   1858 |   4 |  681.5 |
       Dungeon |   2726 |   2643 |     83 |    229 |   1858 |   4 |  681.5 |
               +--------+--------+--------+--------+--------+-----+--------+

Top non-repeatable levels by time:
     D:3: 972 daAuts
     D:2: 904 daAuts
     D:1: 679 daAuts
     D:4: 170 daAuts
